 Dungeon Crawl Stone Soup version 0.28.0-49-g6dfe1f597d (webtiles) character file.

Game seed: 55289772242576177

153571 Gabide the Bludgeoner (level 17, -3/131 (142) HPs)
             Began as a Human Monk on May 14, 2022.
             Was the Champion of Jiyva.
             Slain by a +0 war axe of electrocution (18 damage)
             ... on level 2 of the Elven Halls on May 15, 2022.
             The game lasted 01:33:04 (22417 turns).

Gabide the Bludgeoner (Human Monk)                 Turns: 22417, Time: 01:33:05

HP:   -3/131 (142)  AC:  5    Str: 16    XL:     17   Next: 91%
MP:   26/26         EV: 22    Int: 15    God:    Jiyva [******]
Gold: 179           SH:  5    Dex: 19    Spells: 16/16 levels left

rFire   + . .      SeeInvis +   h - +2 great mace (vamp)
rCold   + + .      Faith    .   (shield currently unavailable)
rNeg    . . .      Spirit   .   k - +0 steam dragon scales
rPois   .          Reflect  +   (helmet restricted)
rElec   +          Harm     .   F - +0 cloak
rCorr   +          Rampage  .   i - +1 pair of gloves
Will    +++..      Clarity  +   (no boots)
Stlth   ++++......              z - amulet "Qikleb" {Reflect rElec SH+5 Stlth+}
HPRegen 2.71/turn               V - ring of Xudawn {Will+ MP+9 Str-2 SInv}
MPRegen 0.70/turn               u - ring of protection from fire

@: lethally poisoned (-3 -> -10), about to teleport, drained
A: horns 2, see invisible, agile 1, clarity, clever 2, cold resistance 2,
strong-willed 1, regeneration 1, wild magic 2, pseudopods 1, translucent skin 2,
jelly absorbing missiles, MP-powered wands
}: 1/15 runes: slimy
a: Renounce Religion, Oozemancy, Slimify


You were on level 2 of the Elven Halls.
You worshipped Jiyva.
Jiyva was exalted by your worship.
You visited 5 branches of the dungeon, and saw 30 of its levels.
You also visited: Ice Cave.

You collected 1715 gold pieces.
You spent 1536 gold pieces at shops.

Inventory:

Hand Weapons
 c - a +2 flail of holy wrath
 h - a +2 vampiric great mace (weapon)
 j - the +6 hand axe "Beastslayer" {speed, rF+ rC++ Dex-4}
   (You found it on level 1 of the Elven Halls)

   Attacks with this weapon are significantly faster.
   Dex:       It affects your dexterity (-4).
   rF:        It protects you from fire.
   rC:        It greatly protects you from cold.
 m - a +3 whip of chaos
 p - a +1 whip of electrocution
 r - the +2 short sword of Dim Light {distort, rCorr Str+4 Dex+3}
   (You took it off a kobold brigand on level 5 of the Dungeon)

   It warps and distorts space around it, and may blink, banish, or inflict
   extra damage upon those it strikes.
   Unwielding it can cause banishment or high damage.
   Str:       It affects your strength (+4).
   Dex:       It affects your dexterity (+3).
   rCorr:     It protects you from acid and corrosion.
 y - the +8 whip "Snakebite" {venom, curare, rPois}
   (You found it on level 8 of the Dungeon)

   It poisons the flesh of those it strikes.
   It occasionally inflicts asphyxiating poison on those it strikes, dealing
   poison damage and causing slowness.
   rPois:     It protects you from poison.
 A - a +0 morningstar
 M - the +7 war axe of Malaise {drain, Str+3}
   (You found it on level 2 of the Lair of Beasts)

   A truly terrible weapon, it drains the life of any living foe it strikes.
   Str:       It affects your strength (+3).
 U - the +8 hand crossbow of Enormous Tenacity {speed, Fly rC+ rCorr MP-9}
   (You found it on level 5 of the Lair of Beasts)

   Attacks with this weapon are significantly faster.
   rC:        It protects you from cold.
   MP:        It affects your magic capacity (-9).
   Fly:       It grants you flight.
   rCorr:     It protects you from acid and corrosion.
 W - the +1 rapier "Orb Guardian's Bane" {drain, Str+4}
   (You found it on level 5 of the Pits of Slime)

   A truly terrible weapon, it drains the life of any living foe it strikes.
   Str:       It affects your strength (+4).
Armour
 a - a +0 buckler
 i - a +1 pair of gloves (worn)
 k - +0 steam dragon scales (worn)
 n - +0 swamp dragon scales
 C - a +1 hat of see invisible
 F - a +0 cloak (worn)
 T - an orb of light
Jewellery
 d - a +6 ring of strength
 e - an amulet of magic regeneration
 u - a ring of protection from fire (right hand)
 z - the amulet "Qikleb" (around neck) {Reflect rElec SH+5 Stlth+}
   (You bought it in a shop on level 13 of the Dungeon)

   [amulet of reflection]

   It reflects blocked missile attacks.
   rElec:     It insulates you from electricity.
   SH:        It affects your SH (+5).
   Stlth:     It makes you more stealthy.
 D - a ring of wizardry
 G - a +6 ring of intelligence
 N - a ring of protection from fire
 O - a ring of positive energy
 P - a ring of ice
 S - a ring of ice
 V - the ring of Xudawn (left hand) {Will+ MP+9 Str-2 SInv}
   (You found it on level 5 of the Pits of Slime)

   [ring of willpower]

   Str:       It affects your strength (-2).
   MP:        It affects your magic capacity (+9).
   SInv:      It lets you see invisible.
   Will:      It increases your willpower.
Wands
 v - a wand of iceblast (22)
 H - a wand of mindburst (3)
 J - a wand of polymorph (7)
 Y - a wand of flame (7)
Scrolls
 o - 7 scrolls of teleportation
 I - 3 scrolls of magic mapping
 Q - a scroll of immolation
 R - 3 scrolls of identify
 X - a scroll of acquirement {unknown}
Potions
 b - 3 potions of mutation
 f - a potion of lignification
 g - 2 potions of might
 l - 6 potions of brilliance
 s - 2 potions of cancellation
 t - 2 potions of resistance
 w - a potion of curing
 E - 2 potions of attraction
 K - 2 potions of flight
 L - a potion of haste
Miscellaneous
 B - a box of beasts


   Skills:
 + Level 15.1 Fighting
 + Level 19.3 Maces & Flails
 + Level 15.1 Dodging
 - Level 2.0 Stealth
 - Level 12.6 Shields


You had 16 spell levels left.
You didn't know any spells.
Your spell library contained the following spells:

 Spells                   Type           Power      Damage    Failure   Level
 Animate Skeleton         Necr           0%         N/A       43%         1
 Pain                     Necr           0%         1d4       43%         1
 Slow                     Hex            0%         N/A       43%         1
 Call Imp                 Summ           0%         N/A       56%         2
 Ensorcelled Hibernation  Hex/Ice        0%         N/A       56%         2
 Sublimation of Blood     Necr           0%         N/A       56%         2
 Confusing Touch          Hex            0%         N/A       78%         3
 Inner Flame              Hex/Fire       0%         N/A       78%         3
 Spider Form              Tmut/Pois      0%         N/A       78%         3
 Swiftness                Air            0%         N/A       78%         3
 Vampiric Draining        Necr           0%         2d6       78%         3
 Anguish                  Hex/Necr       0%         N/A       98%         4
 Animate Dead             Necr           0%         N/A       98%         4
 Cause Fear               Hex            0%         N/A       98%         4
 Hailstorm                Conj/Ice       0%         3d3       98%         4
 Ice Form                 Ice/Tmut       0%         N/A       98%         4
 Summon Lightning Spire   Summ/Air       0%         N/A       98%         4
 Blade Hands              Tmut           0%         N/A       100%        5
 Irradiate                Conj/Tmut      0%         3d13      100%        5
 Iskenderun's Battlesphe  Conj           0%         2d6       100%        5
 Iron Shot                Conj/Erth      0%         9d1       100%        6
 Simulacrum               Ice/Necr       0%         N/A       100%        6
 Dragon Form              Tmut           0%         N/A       100%        7
 Spellforged Servitor     Conj/Summ      0%         N/A       100%        7
 Discord                  Hex            0%         N/A       100%        8


Dungeon Overview and Level Annotations

Branches:
Dungeon (15/15)            Temple (0/1) D:7            Lair (6/6) D:9
 Shoals (0/4) Lair:2       Spider (0/4) Lair:4        Slime (5/5) Lair:5
    Orc (2/2) D:12            Elf (2/3) Orc:2        Vaults (0/5) D:13
  IceCv (visited)
 Depths: D:15

Altars:
Cheibriados
Dithmenos
Elyvilon
Fedhas
Kikubaaqudgha
Makhleb
Okawaru
Qazlal
Ru
Sif Muna
Trog
Vehumet
Wu Jian
Zin
The Shining One
Beogh
Jiyva
Lugonu

Shops:
D:6 (   D:7 (?   D:9 (   D:13 =   D:14 *   Orc:2 (??   Elf:2 ?

Portals:
Abyss: D:5

Annotations:
D:14 2 runed translucent doors, Meal's ghost, journeyman FeSu
D:15 Louise
Slime:5 Royal Jelly


Innate Abilities, Weirdness & Mutations

You have a pair of horns on your head.
You have supernaturally acute eyesight. (SInv)
You are agile. (Dex +2)
You possess an exceptional clarity of mind.
Your mind is very acute. (Int +4)
Your flesh is very cold resistant. (rC++)
You are strong-willed. (Will+)
Your natural rate of healing is unusually fast.
Your spells are harder to cast, but more powerful.
Armour fits poorly on your pseudopods.
Your translucent skin reduces your foes' accuracy. (Stealth+)
You have a small jelly attached to you that may absorb projectiles.
You expend magic power (3 MP) to strengthen your wands.


Message History

You feel very sick.
The +1 short sword of venom closely misses you.
Your fire elemental hits the +1 short sword of venom.
Your fire elemental burns the +1 short sword of venom!
The +1 short sword of venom completely resists.
The +1 scimitar of draining hits you!
* * * LOW HITPOINT WARNING * * *
You feel drained.
* * * LOW HITPOINT WARNING * * *
Your fire elemental barely misses the +1 scimitar of draining.
The +5 dire flail of protection is engulfed in blazing flames.
The +5 dire flail of protection hits your fire elemental!
Your deep elf pyromancer hits the +1 short sword of venom with a +0 dagger.
You feel better. The +1 short sword of venom hits you!
* * * LOW HITPOINT WARNING * * *
You block the +1 scimitar of draining's attack.
The +1 short sword of venom hits you but does no damage.
You are poisoned.
The +5 dire flail of protection is engulfed in blazing flames.
The +5 dire flail of protection hits your fire elemental!!
Your fire elemental is destroyed!
Your fire elemental disappears in a puff of smoke!
Your fire elemental closely misses the +1 short sword of venom.
Your deep elf zephyrmancer completely misses the +5 dire flail of protection.
A deep elf knight comes into view. It is wielding a +4 scimitar.
You feel sick.
The deep elf knight shouts!
The +1 short sword of venom hits you!
* * * LOW HITPOINT WARNING * * *
You are more poisoned.
A +3 dire flail of pain comes into view.
A +1 quick blade of draining comes into view.
Your fire elemental barely misses the +1 short sword of venom.
You block the +1 short sword of venom's attack.
The +1 scimitar of draining hits you!
* * * LOW HITPOINT WARNING * * *
You feel drained.
* * * LOW HITPOINT WARNING * * *
The +0 war axe of electrocution hits you!!
You die...

## #### ####
..##...# #...#
.#..#...## #...#
#....#e..###...#
.e....#..((@..#
.......#§e((.#.....
.......○#E..#....e.
......e°.###......(
.........# .......
.........# .......
........#. #......
.......#... #....(
......# ....


You could see a deep elf knight, a deep elf zephyrmancer, 6 dancing weapons, a
friendly deep elf pyromancer (summoned), a friendly deep elf zephyrmancer
(summoned) and a friendly fire elemental (summoned).

Vanquished Creatures
  Saint Roka (Orc:2)
  Agnes (D:14)
  A deep elf sorcerer (Elf:2)
  A deep elf elementalist (Elf:1)
  A deep elf demonologist (Elf:2)
  The ghost of Qoypruj the Cruncher, a journeyman MiGl of the Shining One (Lair:5)
  An ettin (D:13)
  Josephine (D:13)
  4 boulder beetles
  9 hydras
  Erolcha (D:10)
  3 ogre magi (Orc:2)
  2 catoblepae
  A death knight (D:14)
  An anaconda (Lair:4)
  Erica (D:10)
  12 dancing weapons
  9 centaur warriors
  15 death yaks
  A deep troll shaman (Lair:6)
  A tengu warrior (D:11)
  An orc high priest (Orc:1)
  6 two-headed ogres
  Nergalle (Orc:2)
  9 deep elf knights
  A skeletal warrior (D:14)
  2 orc knights (Orc:2)
  2 deep elf archers
  A necromancer (Lair:2)
  20 deep elf zephyrmancers
  16 ugly things
  11 orc sorcerers (Orc:2)
  10 deep elf pyromancers
  3 cyclopes
  3 manticores (D:14)
  2 oklob plants (Lair:5)
  3 merfolk sirens (Lair:2)
  Maurice (D:13)
  13 elephants
  An orange demon (D:14)
  3 gargoyles
  2 ice statues (IceCv)
  7 black mambas
  2 torpor snails (Lair:6)
  An unseen horror (D:12)
  12 cane toads
  5 freezing wraiths
  Maggie (D:5)
  2 efreet
  A kobold demonologist (D:9)
  4 rime drakes
  An entropy weaver simulacrum (IceCv)
  6 komodo dragons
  2 tengu conjurers (D:14)
  6 ice devils (IceCv)
  2 meliai (D:14)
  A merfolk (Lair:2)
  5 polar bears
  6 trolls
  A tarantella (shapeshifter) (D:13)
  A hornet (shapeshifter) (D:14)
  18 blink frogs
  5 dream sheep (Lair:6)
  A shadow (D:9)
  4 wyverns
  3 water elementals
  2 air elementals
  5 culicivoras (Lair:4)
  2 fire elementals (Elf:1)
  41 yaks
  4 wraiths
  A spriggan (shapeshifter) (D:14)
  4 basilisks
  A death yak simulacrum (IceCv)
  2 steam dragons (D:9)
  Grum (D:10)
  6 wargs
  3 acid dragons
  A vampire mosquito (D:14)
  A harpy simulacrum (IceCv)
  16 water moccasins
  Duvessa (D:6)
  2 ice beasts
  17 orc warriors
  2 black bears
  29 wolves
  A boggart (D:14)
  11 ogres
  12 centaurs
  A phantom (D:5)
  A kobold brigand (D:5)
  9 bullfrogs
  4 earth elementals
  2 two-headed ogre simulacra (IceCv)
  2 cane toad simulacra (IceCv)
  Dowan (D:6)
  15 killer bees
  A water moccasin skeleton (D:5)
  2 elephant simulacra (IceCv)
  A howler monkey (D:4)
  A wight (D:9)
  A bullfrog zombie (D:6)
  3 gnoll shamans
  4 centaur zombies
  3 hounds
  14 orc priests
  A centaur skeleton (D:7)
  2 bullfrog skeletons
  2 iguanas (D:6)
  31 orc wizards
  5 hell rats (Lair:5)
  A spriggan simulacrum (IceCv)
  3 polar bear simulacra
  A killer bee zombie (D:7)
  4 troll simulacra (IceCv)
  2 wolf simulacra (Lair:2)
  7 adders
  16 gnolls
  2 naga simulacra (IceCv)
  3 ufetubi (D:5)
  2 worms (D:2)
  60 orcs
  A bat (D:1)
  5 giant cockroaches
  5 goblins
  8 hobgoblins
  3 quokkas
  3 ball pythons
  A frilled lizard (D:1)
  9 kobolds
  2 rats (D:1)
  2 river rat simulacra (Lair:2)
687 creatures vanquished.

Vanquished Creatures (collateral kills)
  Gastronok (D:10)
  A reaper (IceCv)
  Snorg (D:10)
  An ogre mage (D:13)
  A vault guard (D:13)
  A two-headed ogre (D:13)
  2 dancing weapons (Elf:1)
  A deep elf archer (Elf:1)
  A deep elf zephyrmancer (Elf:1)
  A cyclops (D:12)
  A kobold demonologist (D:12)
  A wraith (D:12)
  2 orc warriors
  An ogre (D:13)
  A centaur (D:12)
  2 kobold brigands (D:12)
  2 centaur zombies
  An orc priest (D:12)
  3 orc wizards
  A troll simulacrum (IceCv)
  5 orcs
  A kobold (D:12)
32 creatures vanquished.

Vanquished Creatures (others)
  The ghost of Atelerd the Thaumaturge, a journeyman OpEE of Sif Muna (Lair:4)
  A dancing weapon (Elf:2)
  A deep elf archer (Elf:2)
  A wizard (D:14)
  A deep elf zephyrmancer (Elf:1)
  A faun (shapeshifter) (Elf:1)
  A manticore (D:14)
  2 unseen horrors
  A rime drake (Lair:6)
  An efreet (D:14)
  2 slime creatures (D:14)
  A wraith (D:14)
  An orc warrior (Orc:2)
  A necrophage (D:8)
  4 wolves
  A kobold brigand (D:10)
  A bullfrog (D:6)
  80 jellies
  A howler monkey (D:10)
  4 orc priests
  5 orc wizards
  A yak simulacrum (Lair:2)
  3 wolf simulacra (Lair:2)
  A white imp (IceCv)
  An ufetubus (IceCv)
  3 endoplasms
  6 orcs
  2 ball pythons
  2 giant cockroaches (D:1)
  2 hobgoblins
  9 kobolds
  A bat (D:3)
  A frilled lizard (D:2)
  2 goblins
  A rat (D:1)
  A river rat simulacrum (Lair:2)
  95 fungi
  139 plants
382 creatures vanquished.

Grand Total: 1101 creatures vanquished

Notes
Turn   | Place    | Note
-------+----------+-------------------------------------------
     0 | D:1      | Gabide the Human Monk began the quest for the Orb.
     0 | D:1      | Reached XP level 1. HP: 18/18 MP: 1/1
   194 | D:1      | Reached XP level 2. HP: 22/24 MP: 2/2
   344 | D:1      | Found a faded altar of an unknown god.
   469 | D:1      | Prayed at the altar of an unknown god.
   469 | D:1      | Became a worshipper of Jiyva Jaiwefut the Shapeless
   469 | D:1      | Reached * piety under Jiyva
   469 | D:1      | Reached ** piety under Jiyva
   677 | D:1      | Reached *** piety under Jiyva
   677 | D:1      | Gained mutation: Your mind is acute. (Int +2) [Jiyva's
                  | grace]
   677 | D:1      | Gained mutation: Your mind is very acute. (Int +4) [Jiyva's
                  | grace]
   677 | D:1      | Gained mutation: You are covered in fur. (AC +1) [Jiyva's
                  | grace]
   677 | D:1      | Gained mutation: You are covered in thick fur. (AC +2)
                  | [Jiyva's grace]
   722 | D:1      | Reached skill level 4 in Maces & Flails
   722 | D:1      | Reached XP level 3. HP: 29/29 MP: 3/3
  1021 | D:2      | Found a shimmering blue altar of Sif Muna.
  1412 | D:3      | Found a burning altar of Makhleb.
  1431 | D:3      | Reached **** piety under Jiyva
  1459 | D:3      | Reached XP level 4. HP: 35/35 MP: 4/4
  1598 | D:3      | Reached skill level 5 in Maces & Flails
  1992 | D:4      | Noticed an ogre
  2021 | D:4      | Killed an ogre
  2022 | D:4      | Reached skill level 6 in Maces & Flails
  2022 | D:4      | Reached XP level 5. HP: 27/41 MP: 5/5
  2113 | D:4      | Reached XP level 6. HP: 47/47 MP: 6/6
  2180 | D:4      | Reached skill level 7 in Maces & Flails
  2206 | D:4      | Gained mutation: You are strong-willed. (Will+) [Jiyva's
                  | grace]
  2206 | D:4      | Gained mutation: You are highly strong-willed. (Will++)
                  | [Jiyva's grace]
  2206 | D:4      | Gained mutation: You are extremely strong-willed. (Will+++)
                  | [Jiyva's grace]
  2206 | D:4      | Gained mutation: You are agile. (Dex +2) [Jiyva's grace]
  2291 | D:4      | Found an ornate altar of the Wu Jian Council.
  2923 | D:5      | Entered Level 5 of the Dungeon
  2923 | D:5      | Noticed an ogre
  2939 | D:4      | Killed an ogre
  2940 | D:4      | Reached XP level 7. HP: 52/52 MP: 5/7
  2965 | D:5      | Reached skill level 8 in Maces & Flails
  3080 | D:5      | Found a one-way gate to the infinite horrors of the Abyss.
  3080 | D:5      | Identified the +2 short sword of Dim Light {distort, rCorr
                  | Str+4 Dex+3}
  3214 | D:5      | Reached ***** piety under Jiyva
  3294 | D:5      | Reached XP level 8. HP: 58/58 MP: 8/8
  3298 | D:5      | Found a blossoming altar of Fedhas.
  3432 | D:5      | Reached skill level 9 in Maces & Flails
  3529 | D:5      | Found a large runed translucent door.
  3529 | D:5      | Found a large runed translucent door.
  3742 | D:5      | Found a corrupted altar of Lugonu.
  3889 | D:6      | Noticed Maggie
  3890 | D:6      | Gained mutation: A frigid envelope surrounds you and
                  | freezes all who hurt you. [Jiyva's grace]
  3890 | D:6      | Gained mutation: You have acidic saliva. [Jiyva's grace]
  3890 | D:6      | Gained mutation: You have a small jelly attached to you
                  | that may absorb projectiles. [Jiyva's grace]
  3890 | D:6      | Gained mutation: Your spells are a little harder to cast,
                  | but a little more powerful. [Jiyva's grace]
  3916 | D:5      | Killed Maggie
  3917 | D:5      | Reached skill level 10 in Maces & Flails
  4012 | D:6      | Found Numnufri's Weapon Boutique.
  4169 | D:6      | Noticed Dowan
  4170 | D:6      | Noticed Duvessa
  4180 | D:6      | Killed Duvessa
  4181 | D:6      | Reached skill level 11 in Maces & Flails
  4181 | D:6      | Reached XP level 9. HP: 63/63 MP: 9/9
  4183 | D:6      | Killed Dowan
  4186 | D:6      | Found an iron altar of Okawaru.
  4186 | D:6      | Found a shimmering blue altar of Sif Muna.
  4793 | D:7      | Found a staircase to the Ecumenical Temple.
  4812 | D:7      | Reached skill level 12 in Maces & Flails
  4827 | D:7      | Found a glowing silver altar of Zin.
  4827 | D:7      | Found a white marble altar of Elyvilon.
  4827 | D:7      | Found a glowing golden altar of the Shining One.
  5264 | D:7      | Lost mutation: You are extremely strong-willed. (Will+++)
                  | [Jiyva's grace]
  5264 | D:7      | Lost mutation: You are covered in thick fur. (AC +2)
                  | [Jiyva's grace]
  5264 | D:7      | Lost mutation: You are covered in fur. (AC +1) [Jiyva's
                  | grace]
  5264 | D:7      | Gained mutation: Your muscles are strong. (Str +2) [Jiyva's
                  | grace]
  5264 | D:7      | Gained mutation: Your muscles are very strong. (Str +4)
                  | [Jiyva's grace]
  5264 | D:7      | Gained mutation: Your rubbery body absorbs attacks. (AC +1,
                  | EV +1) [Jiyva's grace]
  5264 | D:7      | Gained mutation: Your pliable body absorbs attacks. (AC +2,
                  | EV +2) [Jiyva's grace]
  5264 | D:7      | Found Wujen's Weapon Shop.
  5614 | D:7      | Found Sofaoczu's Magic Scroll Emporium.
  5623 | D:7      | Bought a scroll of summoning for 114 gold pieces
  5623 | D:7      | Bought a scroll of blinking for 90 gold pieces
  5623 | D:7      | Bought a scroll of identify for 24 gold pieces
  5623 | D:7      | Bought a scroll of identify for 24 gold pieces
  5954 | D:8      | Reached ****** piety under Jiyva
  5988 | D:8      | Found the +8 whip "Snakebite" {venom, curare, rPois}
  6017 | D:8      | Reached skill level 13 in Maces & Flails
  6177 | D:8      | Reached XP level 10. HP: 38/70 MP: 8/10
  6419 | D:9      | Found Mecim's Antique Weapon Shop.
  6486 | D:9      | Reached skill level 1 in Shields
  6518 | D:9      | Noticed a kobold demonologist
  6526 | D:9      | Killed a kobold demonologist
  6527 | D:9      | Reached skill level 14 in Maces & Flails
  6541 | D:9      | Found a sacrificial altar of Ru.
  6598 | D:9      | Found a staircase to the Lair.
  6826 | D:9      | Found a bloodstained altar of Trog.
  6945 | D:9      | Lost mutation: Your pliable body absorbs attacks. (AC +2,
                  | EV +2) [Jiyva's grace]
  6945 | D:9      | Lost mutation: Your rubbery body absorbs attacks. (AC +1,
                  | EV +1) [Jiyva's grace]
  6945 | D:9      | Gained mutation: Armour fits poorly on your pseudopods.
                  | [Jiyva's grace]
  6945 | D:9      | Gained mutation: Armour fits poorly on your large
                  | pseudopods. [Jiyva's grace]
  6945 | D:9      | Gained mutation: Armour fits poorly on your massive
                  | pseudopods. [Jiyva's grace]
  6945 | D:9      | Gained mutation: You have a small jelly attached to you
                  | that senses nearby items. [Jiyva's grace]
  7048 | D:9      | Found a shadowy altar of Dithmenos.
  7101 | D:10     | Entered Level 10 of the Dungeon
  7105 | D:10     | Noticed Snorg
  7115 | D:10     | Killed Snorg
  7116 | D:10     | Reached skill level 5 in Fighting
  7116 | D:10     | Reached skill level 5 in Dodging
  7116 | D:10     | Reached XP level 11. HP: 22/79 MP: 11/11
  7275 | D:10     | Noticed Erolcha
  7277 | D:10     | Noticed Gastronok
  7300 | D:10     | Killed Gastronok
  7321 | D:10     | Killed Erolcha
  7421 | D:10     | Noticed Grum
  7433 | D:10     | Killed Grum
  7479 | D:10     | Found a stormy altar of Qazlal.
  7480 | D:10     | Noticed Erica
  7491 | D:10     | Killed Erica
  7492 | D:10     | Reached skill level 5 in Shields
  7571 | D:10     | Found a snail-covered altar of Cheibriados.
  8022 | D:11     | Noticed a two-headed ogre
  8040 | D:11     | Killed a two-headed ogre
  8041 | D:11     | Reached XP level 12. HP: 61/91 MP: 12/12
  8180 | D:11     | Noticed a tengu warrior
  8189 | D:11     | Killed a tengu warrior
  8280 | D:11     | Noticed a two-headed ogre
  8289 | D:11     | Killed a two-headed ogre
  8494 | D:12     | Noticed a two-headed ogre
  8546 | D:11     | Killed a two-headed ogre
  8582 | D:12     | Noticed a sixfirhy
  8591 | D:12     | Reached skill level 15 in Maces & Flails
  8668 | D:12     | Found a staircase to the Orcish Mines.
  8691 | D:12     | Lost mutation: You are agile. (Dex +2) [Jiyva's grace]
  8691 | D:12     | Lost mutation: Your mind is very acute. (Int +4) [Jiyva's
                  | grace]
  8691 | D:12     | Lost mutation: Your mind is acute. (Int +2) [Jiyva's grace]
  8691 | D:12     | Lost mutation: Your muscles are very strong. (Str +4)
                  | [Jiyva's grace]
  8691 | D:12     | Lost mutation: You have acidic saliva. [Jiyva's grace]
  8691 | D:12     | Lost mutation: Armour fits poorly on your massive
                  | pseudopods. [Jiyva's grace]
  8691 | D:12     | Lost mutation: Armour fits poorly on your large pseudopods.
                  | [Jiyva's grace]
  8691 | D:12     | Gained mutation: You expend magic power (3 MP) to
                  | strengthen your wands. [Jiyva's grace]
  8691 | D:12     | Gained mutation: Your natural rate of healing is unusually
                  | fast. [Jiyva's grace]
  8691 | D:12     | Gained mutation: You heal very quickly. [Jiyva's grace]
  8691 | D:12     | Gained mutation: You regenerate. [Jiyva's grace]
  9231 | D:13     | Noticed a two-headed ogre
  9236 | D:13     | Killed a two-headed ogre
  9270 | D:13     | Noticed a centaur warrior
  9279 | D:13     | Killed a centaur warrior
  9430 | D:13     | Noticed a centaur warrior
  9441 | D:13     | Killed a centaur warrior
  9442 | D:13     | Reached XP level 13. HP: 91/100 MP: 13/13
  9561 | D:13     | Noticed a vault guard
  9571 | D:13     | Killed a vault guard
  9574 | D:13     | Noticed an ogre mage
  9576 | D:13     | Killed an ogre mage
  9583 | D:13     | Noticed an ettin
  9593 | D:13     | Killed an ettin
  9612 | D:13     | Found a gate to the Vaults.
  9613 | D:13     | Noticed a boulder beetle
  9624 | D:13     | Killed a boulder beetle
  9690 | D:13     | Found Zoweus's Jewellery Shoppe.
  9697 | D:13     | Noticed Josephine
  9704 | D:13     | Killed Josephine
  9784 | D:13     | Noticed a centaur warrior
  9790 | D:13     | Killed a centaur warrior
  9822 | D:13     | Noticed Maurice
  9832 | D:13     | Killed Maurice
 10024 | D:14     | Noticed a centaur warrior
 10032 | D:14     | Killed a centaur warrior
 10034 | D:14     | Found Uhemuz's Changing Room.
 10355 | D:14     | Noticed a boulder beetle
 10368 | D:14     | Killed a boulder beetle
 10369 | D:14     | Reached skill level 10 in Fighting
 10369 | D:14     | Reached skill level 10 in Dodging
 10378 | D:14     | Noticed a centaur warrior
 10385 | D:14     | Killed a centaur warrior
 10396 | D:14     | Noticed a centaur warrior
 10407 | D:14     | Noticed a boulder beetle
 10410 | D:14     | Killed a centaur warrior
 10412 | D:14     | Reached skill level 16 in Maces & Flails
 10425 | D:14     | Killed a boulder beetle
 10430 | D:14     | Noticed a boulder beetle
 10438 | D:14     | Reached XP level 14. HP: 107/111 MP: 14/14
 10553 | D:14     | Lost mutation: You are highly strong-willed. (Will++)
                  | [Jiyva's grace]
 10553 | D:14     | Lost mutation: Your muscles are strong. (Str +2) [Jiyva's
                  | grace]
 10553 | D:14     | Gained mutation: Your translucent skin slightly reduces
                  | your foes' accuracy. (Stealth+) [Jiyva's grace]
 10553 | D:14     | Gained mutation: Your translucent skin reduces your foes'
                  | accuracy. (Stealth+) [Jiyva's grace]
 10553 | D:14     | Gained mutation: Your transparent skin significantly
                  | reduces your foes' accuracy. (Stealth+) [Jiyva's grace]
 10553 | D:14     | Gained mutation: You have large cloven feet. [Jiyva's
                  | grace]
 10588 | D:14     | Noticed Meal's ghost (journeyman FeSu)
 10601 | D:14     | Noticed a lich
 10693 | D:14     | Found a white marble altar of Elyvilon.
 10869 | D:14     | Found a runed translucent door.
 10881 | D:14     | Found a runed translucent door.
 11204 | D:15     | Entered Level 15 of the Dungeon
 11239 | D:15     | Noticed Agnes
 11442 | D:14     | Killed Agnes
 11471 | D:14     | Reached skill level 10 in Shields
 11745 | D:15     | Noticed Louise
 11828 | D:13     | Bought the amulet "Qikleb" {Reflect rElec SH+5 Stlth+} for
                  | 655 gold pieces
 12038 | Lair:1   | Entered Level 1 of the Lair of Beasts
 12740 | Lair:2   | Got Cuohuam's Guide on Evil
 12999 | Lair:2   | Found a staircase to the Shoals.
 13011 | Lair:2   | Reached XP level 15. HP: 111/120 MP: 15/15
 13080 | Lair:2   | Identified the +7 war axe of Malaise {drain, Str+3}
 13598 | Lair:3   | Reached skill level 17 in Maces & Flails
 13667 | Lair:3   | Lost mutation: A frigid envelope surrounds you and freezes
                  | all who hurt you. [Jiyva's grace]
 13667 | Lair:3   | Lost mutation: You regenerate. [Jiyva's grace]
 13667 | Lair:3   | Gained mutation: You have acidic saliva. [Jiyva's grace]
 13667 | Lair:3   | Gained mutation: You are agile. (Dex +2) [Jiyva's grace]
 13667 | Lair:3   | Gained mutation: You are very agile. (Dex +4) [Jiyva's
                  | grace]
 13667 | Lair:3   | Gained mutation: Armour fits poorly on your large
                  | pseudopods. [Jiyva's grace]
 14495 | Lair:4   | Found a hole to the Spider Nest.
 14581 | Lair:4   | Found a runed translucent door.
 14582 | Lair:4   | Noticed Atelerd's ghost (journeyman OpEE)
 14609 | Lair:4   | Killed Atelerd's ghost
 15020 | Lair:5   | Found a frozen archway.
 15034 | IceCv    | Entered an ice cave
 15220 | IceCv    | Noticed a reaper
 15267 | IceCv    | Killed a reaper
 15699 | Lair:5   | Lost mutation: You heal very quickly. [Jiyva's grace]
 15699 | Lair:5   | Lost mutation: Armour fits poorly on your large pseudopods.
                  | [Jiyva's grace]
 15699 | Lair:5   | Gained mutation: You have supernaturally acute eyesight.
                  | (SInv) [Jiyva's grace]
 15699 | Lair:5   | Gained mutation: Your spells are harder to cast, but more
                  | powerful. [Jiyva's grace]
 15699 | Lair:5   | Gained mutation: Your spells are much harder to cast, but
                  | much more powerful. [Jiyva's grace]
 15699 | Lair:5   | Gained mutation: You possess an exceptional clarity of
                  | mind. [Jiyva's grace]
 15799 | Lair:5   | Reached XP level 16. HP: 119/129 MP: 16/16
 15951 | Lair:5   | Found a runed translucent door.
 15957 | Lair:5   | Noticed Qoypruj's ghost (journeyman MiGl)
 15992 | Lair:5   | Killed Qoypruj's ghost
 15997 | Lair:5   | Identified the +8 hand crossbow of Enormous Tenacity
                  | {speed, Fly rC+ rCorr MP-9}
 16139 | Lair:5   | Found a staircase to the Slime Pits.
 16163 | Slime:1  | Entered Level 1 of the Pits of Slime
 16163 | Slime:1  | Noticed an acid blob
 16164 | Slime:1  | Noticed an acid blob
 16166 | Slime:1  | Noticed an acid blob
 16171 | Slime:1  | Noticed an acid blob
 16351 | Slime:2  | Noticed a rockslime
 16444 | Slime:2  | Noticed an acid blob
 16574 | Slime:3  | Noticed an acid blob
 16586 | Slime:3  | Noticed a rockslime
 16713 | Slime:4  | Noticed a rockslime
 16795 | Slime:5  | Entered Level 5 of the Pits of Slime
 16795 | Slime:5  | Noticed a rockslime
 16836 | Slime:5  | Noticed an acid blob
 16866 | Slime:5  | Noticed an azure jelly
 16911 | Slime:5  | Noticed an acid blob
 16945 | Slime:5  | Noticed an acid blob
 16958 | Slime:5  | Noticed an acid blob
 16982 | Slime:5  | Noticed a rockslime
 16984 | Slime:5  | Noticed an acid blob
 16987 | Slime:5  | Noticed an azure jelly
 16988 | Slime:5  | Found a viscous altar of Jiyva.
 16990 | Slime:5  | Noticed an acid blob
 16990 | Slime:5  | Noticed an acid blob
 16995 | Slime:5  | Got a slimy rune of Zot
 17004 | Slime:5  | Got Sif Muna's Compendium of the Supportive Birds
 17008 | Slime:5  | Noticed an azure jelly
 17013 | Slime:5  | Identified the ring of Xudawn {Will+ MP+9 Str-2 SInv}
 17015 | Slime:5  | Identified the +1 rapier "Orb Guardian's Bane" {drain,
                  | Str+4}
 17024 | Slime:5  | Noticed an acid blob
 17048 | Slime:5  | Noticed the Royal Jelly
 17138 | Slime:5  | Noticed an acid blob
 17167 | Slime:4  | Noticed an acid blob
 17202 | Slime:4  | Noticed an acid blob
 17664 | Lair:6   | Entered Level 6 of the Lair of Beasts
 18305 | Lair:6   | Reached skill level 18 in Maces & Flails
 18501 | Lair:6   | Identified the +3 scale mail "Onebaal" {rElec rF+ rCorr}
 18502 | Lair:6   | Identified the +9 plate armour "Qomnaqikk" {rElec rPois
                  | Dex-2 SInv}
 19146 | Orc:1    | Entered Level 1 of the Orcish Mines
 19179 | Orc:2    | Entered Level 2 of the Orcish Mines
 19420 | Orc:1    | Lost mutation: You have large cloven feet. [Jiyva's grace]
 19420 | Orc:1    | Lost mutation: Your transparent skin significantly reduces
                  | your foes' accuracy. (Stealth+) [Jiyva's grace]
 19420 | Orc:1    | Lost mutation: Your translucent skin reduces your foes'
                  | accuracy. (Stealth+) [Jiyva's grace]
 19420 | Orc:1    | Lost mutation: You have a small jelly attached to you that
                  | senses nearby items. [Jiyva's grace]
 19420 | Orc:1    | Gained mutation: You have a pair of small horns on your
                  | head. [Jiyva's grace]
 19420 | Orc:1    | Gained mutation: You have a pair of horns on your head.
                  | [Jiyva's grace]
 19420 | Orc:1    | Gained mutation: You have a pair of large horns on your
                  | head. [Jiyva's grace]
 19420 | Orc:1    | Gained mutation: Your translucent skin reduces your foes'
                  | accuracy. (Stealth+) [Jiyva's grace]
 19632 | Orc:2    | Noticed Saint Roka
 19640 | Orc:2    | Found a staircase to the Elven Halls.
 19668 | Orc:2    | Killed Saint Roka
 20033 | Orc:2    | Found Maliusyibb's Magic Scroll Emporium.
 20049 | Orc:2    | Reached XP level 17. HP: 98/132 MP: 17/17
 20086 | Orc:2    | Bought a scroll of teleportation for 42 gold pieces
 20086 | Orc:2    | Bought a scroll of blinking for 105 gold pieces
 20086 | Orc:2    | Bought a scroll of blinking for 105 gold pieces
 20097 | Orc:2    | Found a radiant altar of Vehumet.
 20105 | Orc:2    | Found Tosot's Magic Scroll Emporium.
 20127 | Orc:2    | Noticed Nergalle
 20138 | Orc:2    | Found an ancient bone altar of Kikubaaqudgha.
 20152 | Orc:2    | Killed Nergalle
 20198 | Orc:2    | Found Plog's Jewellery Shoppe.
 20241 | Orc:2    | Found Quhel's Antique Weapon Shoppe.
 20576 | Orc:2    | Bought a scroll of brand weapon for 280 gold pieces
 20622 | Orc:2    | Bought a scroll of enchant weapon for 97 gold pieces
 20696 | Elf:1    | Entered Level 1 of the Elven Halls
 20870 | Elf:1    | Identified the +6 hand axe "Beastslayer" {speed, rF+ rC++
                  | Dex-4}
 21293 | Elf:1    | Reached skill level 19 in Maces & Flails
 21459 | Elf:1    | Lost mutation: You have a pair of large horns on your head.
                  | [Jiyva's grace]
 21459 | Elf:1    | Lost mutation: You are very agile. (Dex +4) [Jiyva's grace]
 21459 | Elf:1    | Lost mutation: Your spells are much harder to cast, but
                  | much more powerful. [Jiyva's grace]
 21459 | Elf:1    | Lost mutation: You have acidic saliva. [Jiyva's grace]
 21459 | Elf:1    | Gained mutation: Your mind is acute. (Int +2) [Jiyva's
                  | grace]
 21459 | Elf:1    | Gained mutation: Your mind is very acute. (Int +4) [Jiyva's
                  | grace]
 21459 | Elf:1    | Gained mutation: Your flesh is cold resistant. (rC+)
                  | [Jiyva's grace]
 21459 | Elf:1    | Gained mutation: Your flesh is very cold resistant. (rC++)
                  | [Jiyva's grace]
 21635 | Elf:2    | Found Athrel's Magic Scroll Emporium.
 21642 | Elf:2    | Paralysed by an air elemental for 1 turns
 21859 | Elf:2    | Reached skill level 15 in Dodging
 21874 | Elf:2    | Reached skill level 15 in Fighting
 22098 | Elf:2    | Found a runed translucent gate.
 22098 | Elf:2    | Found a runed translucent gate.
 22100 | Elf:2    | Found a runed translucent gate.
 22417 | Elf:2    | Slain by a +0 war axe of electrocution

Illustrated notes

Levels and vault maps discovered:
D:1:      psy_arrival_terrarium, layout_loops_ring,
          chequers_ecumenical_altar_simple_redux
D:2:      layout_basic, basic_altar, kennysheep_path_1, glass_columns_a
D:3:      layout_basic, mainiacjoe_overflow_tiny_flanked, minmay_diced_spiral
D:4:      layout_cave_pools, lemuel_tele_altar, serial_rivers,
          chequers_serial_rivers_room_a, chequers_serial_rivers_large_a,
          chequers_serial_rivers_micro_e, chequers_serial_rivers_room_a,
          chequers_serial_rivers_room_b, chequers_serial_rivers_small_3,
          minmay_puff
D:5:      due_chaos_kobolds, layout_gridville, general_overflow_altar,
          st_stairs_9, grunt_decor_junction
D:6:      layout_cave_pools, nicolae_overflow_hidden_temple,
          minmay_misc_feat_secret_circle, hangedman_decor_points,
          kennysheep_small_square, uniq_duvessa, uniq_maggie
D:7:      layout_layer_cave, good_gods_mini_temple, minmay_temple_entry_mist,
          serial_shops, nicolae_lakefront_shop, nicolae_shop_waterfront
D:8:      layout_basic
D:9:      minmay_skewed_foursquare, layout_cross, marbit_many_paths,
          mainiacjoe_overflow_catwalk, nicolae_ru_sacrificial_ziggurat,
          lair_entry_dummy, serial_shops, shop
D:10:     layout_basic, grunt_qazlal_sundering, mainiacjoe_overflow_paths,
          uniq_gastronok, uniq_snorg, uniq_erica, uniq_erolcha, uniq_grum
D:11:     layout_rooms, minmay_microvault
D:12:     layout_irregular_city, erik_orc_4
D:13:     layout_roguey, david_vaults_4, serial_shops, shop_statue,
          uniq_josephine, uniq_maurice
D:14:     minmay_box_of_statues, layout_loops_corners,
          muffindrake_ghost_dual_entry, nicolae_transmutations_shop,
          elyvilon_altar_5
D:15:     grunt_enter_depths_magical_seal, layout_rooms,
          minmay_beelzebubs_servants, uniq_agnes, uniq_louise
Lair:1:   layout_loops_ring, infiniplex_staircase_pool_2
Lair:2:   layout_loops_ring, elwin_shoals_entry_stream, eino_house_with_fridge
Lair:3:   layout_misc_corridors, chequers_serial_rivers_small_3, st_stairs_10
Lair:4:   layout_misc_corridors, hellmonk_spider_entry_life_and_decay,
          ebering_ghost_inner_flame
Lair:5:   layout_roguey, minmay_slime_entry_oklob_enclosed,
          portal_ice_cave_entry_pillars_2, ebering_ghost_reflecting_pool,
          infiniplex_staircase_pool
Lair:6:   grunt_lair_end_beastmaster, layout_loops_ring,
          nicolae_lair_grove_arrangements
Slime:1:  layout_caves
Slime:2:  layout_caves
Slime:3:  layout_caves
Slime:4:  layout_caves
Slime:5
Orc:1:    layout_diamond_mine
Orc:2:    kennysheep_orc_mage_school, layout_caves, uniq_saint_roka
Elf:1:    nicolae_elf_arrival_aired_out, layout_loops_cross, minivault_28
Elf:2:    nicolae_elf_blades_splatter_lattice [grunt_blade_entry_basic],
          layout_geoelf_grid, serial_shops, nicolae_stop_n_shop_1, uniq_donald

Skill      XL: |  1  2  3  4  5  6  7  8  9 10 11 12 13 14 15 16 17 |
---------------+----------------------------------------------------+-----
Maces & Flails | 4 6 7 8 11 13 14 15 16 17 18 19 | 19.3
Shields        | 4 5 7 9 10 11 12 | 12.6
Dodging        | 5 7 9 10 11 12 13 15 | 15.1
Fighting       | 5 7 8 10 11 12 13 15 | 15.1
Stealth        | |  2.0

Action                   |  1- 3 |  4- 6 |  7- 9 | 10-12 | 13-15 | 16-18 || total
-------------------------+-------+-------+-------+-------+-------+-------++-------
Melee: Mace              |    98 |    60 |   201 |       |       |       ||   359
       Punch             |     1 |     1 |     5 |       |       |       ||     7
       Bite              |       |       |    22 |    38 |    76 |   140 ||   276
       Whip              |       |       |    21 |   270 |   823 |   658 ||  1772
       Flail             |       |       |       |     6 |    91 |    55 ||   152
       Pseudopods        |       |       |       |    46 |   266 |   269 ||   581
       Kick              |       |       |       |       |   360 |   250 ||   610
       Headbutt          |       |       |       |       |       |   133 ||   133
       Great mace        |       |       |       |       |       |   252 ||   252
Invok: Oozemancy         |       |     3 |     3 |     2 |     8 |     4 ||    20
Evoke: Wand              |       |       |       |     1 |     4 |     3 ||     8
       Box of beasts     |       |       |       |       |     1 |     1 ||     2
  Use: Scroll            |       |       |     2 |    16 |     6 |    14 ||    38
       Potion            |       |       |     1 |       |     3 |     6 ||    10
 Stab: Sleeping          |     4 |       |       |     3 |    14 |    18 ||    39
       Distracted        |       |     1 |       |       |     2 |     3 ||     6
       Petrified         |       |       |       |       |     3 |       ||     3
       Invisible         |       |       |       |       |       |     6 ||     6
Armor: Robe              |    25 |    16 |    75 |     7 |       |       ||   123
       Steam dragon scal |       |       |       |    13 |    69 |    42 ||   124
Dodge: Dodged            |    73 |    46 |   109 |   103 |   536 |   513 ||  1380
Block: Other             |       |     8 |    47 |     6 |       |    44 ||   105
       Reflection        |       |       |     3 |    12 |    12 |     3 ||    30
       Buckler           |       |       |       |   103 |   468 |   307 ||   878
